 Dungeon Crawl Stone Soup version 0.32-a0-868-g153ae1a8d6 (webtiles) character file.

Game seed: 12547130116742017379

3292 ezpacito the Chopper (level 10, -5/76 HPs)
             Began as a Coglin Chaos Knight on Mar 28, 2024.
             Was a Plaything of Xom.
             Slain by a sun demon (18 damage)
             ... summoned by Xom
             ... on level 8 of the Dungeon.
             The game lasted 00:09:16 (7788 turns).

ezpacito the Chopper (Coglin Chaos Knight)          Turns: 7788, Time: 00:09:16

Health: -5/76      AC:  8    Str: 16    XL:     10   Next: 1%
Magic:  15/15      EV: 13    Int: 14    God:    Xom [......]
Gold:   283        SH:  0    Dex: 18    Spells: 2/14 levels left

rFire   + + .        A - +2 morningstar (venom) {Kanchana}
rCold   + . .        K - +8 spear of the Yoke {spect, Str+2}
rNeg    . . .        H - +4 toga "Victory" {*Victory Int+4 Slay+4 Clar}
rPois   .            (no helmet)
rElec   .            x - +0 cloak
rCorr   .            m - +0 pair of gloves
SInv    .            (no boots)
Will    .....        (amulet unavailable)
Stlth   ++           (ring unavailable)
HPRegen 0.32/turn    (ring unavailable)
MPRegen 0.14/turn    (no gizmo)

%: clarity
@: revving
A: off-hand wielding, slow wielding, warmup strikes, no jewellery, agile 1, cold
resistance 1, fire resistance 2, high MP 1, weak 1
a: Invent Gizmo, Renounce Religion


You were on level 8 of the Dungeon.
You worshipped Xom.
You were a very special plaything of Xom.
You visited 2 branches of the dungeon, and saw 9 of its levels.

You collected 679 gold pieces.
You spent 396 gold pieces at shops.

Inventory:

Hand Weapons
 a - a +0 hand axe of chaos {Hugo}
 i - a +5 war axe
 v - the +2 short sword "Geng" {spect, rN+}
   (You found it on level 8 of the Dungeon)

   rN+:       It protects you from negative energy.
 A - a +2 morningstar of venom (weapon) {Kanchana}
 G - a +0 trident
 K - the +8 spear of the Yoke (offhand) {spect, Str+2}
   (You found it on level 6 of the Dungeon)

   Str+2:     It affects your strength (+2).
Missiles
 w - 27 poisoned darts
 z - 5 javelins (quivered)
 F - 9 boomerangs
Armour
 m - a +0 pair of gloves (worn)
 s - a +4 ring mail
 x - a +0 cloak (worn)
 H - the +4 toga "Victory" (worn) {*Victory Int+4 Slay+4 Clar}
   (You found it on level 6 of the Dungeon)

   *Victory:  When the wearer kills a threatening monster, it has a chance to
   gain +1 AC, +1 Slay, and +1 Int, capping at +7.
   When the wearer uses a scroll or a potion with a hostile monster in sight,
   its bonuses reset to +0.
   Unequipping it also resets its bonuses to +0.
   Int+4:     It affects your intelligence (+4).
   Slay+4:    It affects your accuracy & damage with ranged weapons and melee
   (+4).
   Clar:      It protects you from confusion, rage, mesmerisation and fear.
Magical Staves
 o - a staff of death
Talismans
 j - a beast talisman
 n - a flux talisman
Wands
 b - a wand of flame (37)
 C - a wand of polymorph (12)
Scrolls
 c - 2 scrolls of enchant armour
 d - a scroll of fog {unknown}
 e - 4 scrolls of noise
 f - 2 scrolls of fear {unknown}
 k - a scroll of acquirement {unknown}
 t - 6 scrolls of teleportation
 u - a scroll of revelation {unknown}
 y - a scroll of enchant weapon {unknown}
 E - 2 scrolls of silence
 I - a scroll of torment {unknown}
 M - a scroll of blinking {unknown}
Potions
 g - a potion of attraction
 h - a potion of haste
 l - a potion of heal wounds
 p - 4 potions of lignification
 q - 5 potions of curing
 B - a potion of brilliance
 D - a potion of enlightenment
 J - a potion of ambrosia {unknown}
 L - a potion of berserk rage {unknown}


   Skills:
 * Level 6.3 Fighting
 * Level 6.3(6.8) Axes
 + Level 3.2(4.9) Polearms
 * Level 5.1 Armour
 * Level 4.9 Dodging
 + Level 3.0 Stealth
 + Level 2.5 Spellcasting
 + Level 3.2 Necromancy
 + Level 1.5 Alchemy
 + Level 4.4 Evocations


You had 2 spell levels left.
You knew the following spells:

 Your Spells              Type           Power      Damage    Failure   Level
a - Ignite Poison         Fire/Alch      3%         N/A       86%         4
b - Leda's Liquefaction   Alch/Erth      1%         N/A       86%         4
c - Petrify               Alch/Erth      3%         N/A       86%         4

Your spell library contained the following spells:

 Spells                   Type           Power      Damage    Failure   Level
 Sublimation of Blood     Necr           10%        N/A       9%          2
 Slow                     Hex            4%         N/A       22%         1
 Call Imp                 Summ           2%         N/A       34%         2
 Vampiric Draining        Necr           10%        2d6       19%         3
 Confusing Touch          Hex            1%         N/A       56%         3
 Dazzling Flash           Conj/Hex       2%         N/A       56%         3
 Inner Flame              Hex/Fire       1%         N/A       56%         3
 Tukima's Dance           Hex            1%         N/A       56%         3
 Sticky Flame             Fire/Alch      3%         2d4       86%         4
 Flame Wave               Conj/Fire      1%         2d4       92%         4
 Passage of Golubria      Tloc           1%         N/A       92%         4
 Metabolic Englaciation   Hex/Ice        0%         N/A       99%         5
 Yara's Violent Unravell  Hex/Alch       1%         3d3       99%         5
 Starburst                Conj/Fire      0%         6d3       100%        6
 Summon Hydra             Summ           0%         N/A       100%        7
 Ignition                 Fire           0%         3d3       100%        8
 Maxwell's Capacitive Co  Air            0%         ∞         100%        8


Dungeon Overview and Level Annotations

Branches:
Dungeon (8/15)             Temple (1/1) D:4
   Lair: D:8-11

Altars:
Ashenzari
Cheibriados
Dithmenos
Elyvilon
Fedhas
Gozag
Hepliaklqana
Kikubaaqudgha
Makhleb
Nemelex Xobeh
Okawaru
Qazlal
Ru
Sif Muna
Uskayaw
Vehumet
Wu Jian
Xom
Yredelemnul
Zin
The Shining One

Shops:
D:5 !


Innate Abilities, Weirdness & Mutations

You can wield a second weapon in your off-hand.
It takes a long time for you to wield or remove held weapons.
Your first few attacks do less damage.
You cannot equip rings or amulets.
You are agile. (Dex +4, Str/Int -1)
Your flesh is cold resistant. (rC+)
Your flesh is very heat resistant. (rF++)
You have an increased reservoir of magic. (+10% MP)
You are weak. (Str -2)


Message History

Your +8 spear of the Yoke {spect, Str+2} hits the sun demon but does no damage.
The sun demon hits you!!
A shower of butterflies erupts from you!
You are engulfed in flames.
You resist.
The white imp hits you but does no damage.
You take 24 damage, and have 26/76 hp.
MASSIVE DAMAGE!!
You closely miss the sun demon with your +2 morningstar of venom.
The sun demon is lightly wounded.
You hit the sun demon with the +8 spear of the Yoke.
Your +8 spear of the Yoke {spect, Str+2} hits the sun demon from afar!
The sun demon hits you.
You are engulfed in flames.
You resist.
* * * LOW HITPOINT WARNING * * *
The white imp shouts, "Flee, thou impertinent pigeon-egg giglet!"
The white imp closely misses you.
You take 5 damage, and have 21/76 hp.
You hit the sun demon with the +8 spear of the Yoke.
The sun demon is heavily wounded.
You sock the sun demon with your +2 morningstar of venom!
Your +8 spear of the Yoke {spect, Str+2} hits the sun demon from afar!
The sun demon barely misses you. The white imp closely misses you.
The sun demon hits you!
* * * LOW HITPOINT WARNING * * *
You are engulfed in flames.
You resist.
* * * LOW HITPOINT WARNING * * *
You take 10 damage, and have 11/76 hp.
You swap places.
Your +8 spear of the Yoke {spect, Str+2} disappears.
Something closely misses your butterfly.
You swap places.
The sun demon completely misses your butterfly.
The white imp barely misses your butterfly.
The white imp misses your butterfly.
The sun demon attacks as it pursues you!
The sun demon barely misses you.
You hit the sun demon but do no damage.
The sun demon is almost dead.
You closely miss the sun demon with the +8 spear of the Yoke.
Your +8 spear of the Yoke {spect, Str+2} closely misses the sun demon.
The sun demon hits you!!
You die...

#...####.....<...#
##..###.##.#######
#.#.#.####.##
#.#))## #.### #
#.#.## b.. .#
#.#.## ##.### #.#
#.##.## ##.### #.#
#.###.###..5.###.#
#.# ##.....#bb3@#
#.# #####.b.###(#
#.# ##### #.# #.#
.# #


You could see a sun demon (summoned, very poisoned, ally target), a white imp
(summoned) and a friendly +8 spear of the Yoke {spect, Str+2}.

Vanquished Creatures
  A wandering mushroom (D:6)
  Eustachio (D:4)
  Menkaure (D:5)
  Duvessa (D:6)
  3 orc warriors
  2 ogres (D:6)
  2 ice beasts
  A phantom (D:5)
  3 centaurs
  A kobold brigand (D:7)
  A bullfrog (D:7)
  2 scorpions
  A gnoll sergeant (D:7)
  8 wights (D:7)
  Dowan (D:6)
  3 orc priests
  4 hounds
  A gnoll bouda (D:6)
  4 jellies
  3 sleepcaps
  4 iguanas
  Ijyb (D:5)
  6 orc wizards
  10 gnolls
  7 adders
  An ufetubus (D:6)
  A dart slug (D:4)
  A ribbon worm (D:3)
  30 orcs
  6 bats
  6 endoplasms
  5 giant cockroaches
  8 goblins
  8 hobgoblins
  2 jackals (D:2)
  3 quokkas
  13 ball pythons
  3 frilled lizards
  11 kobolds
  6 rats
176 creatures vanquished.

Vanquished Creatures (collateral kills)
  A gnoll bouda (D:5)
  An iguana (D:5)
  4 gnolls (D:5)
  2 orcs (D:4)
  A quokka (D:4)
9 creatures vanquished.

Vanquished Creatures (others)
  An eldritch tentacle (D:5)
  A gnoll (D:7)
2 creatures vanquished.

Grand Total: 187 creatures vanquished

Notes
Turn   | Place    | Note
-------+----------+-------------------------------------------
     0 | D:1      | ezpacito the Coglin Chaos Knight began the quest for the
                  | Orb.
     0 | D:1      | Reached XP level 1. HP: 18/18 MP: 1/1
     7 | D:1      | XOM: divination: magic mapping
    24 | D:1      | XOM: scenery: summon butterflies
    88 | D:1      | Found a faded altar of an unknown god.
    95 | D:1      | Reached skill level 1 in Dodging
    98 | D:1      | Reached XP level 2. HP: 24/24 MP: 2/2
   398 | D:1      | Reached XP level 3. HP: 28/29 MP: 3/3
   417 | D:1      | XOM: 1-stop teleportation journey
   641 | D:1      | XOM: 2-stop teleportation journey
   826 | D:1      | XOM: scenery: 1 doors open
   923 | D:1      | XOM: summons 2 hostile demons
  1330 | D:2      | XOM: 4-stop teleportation journey
  1486 | D:2      | Reached XP level 4. HP: 35/35 MP: 4/4
  1755 | D:2      | XOM: god gift: 27 gold pieces
  1974 | D:2      | XOM: 3-stop teleportation journey
  2084 | D:2      | XOM: scenery: summon butterflies
  2225 | D:3      | XOM: noise
  2398 | D:3      | XOM: cloud trail
  2442 | D:3      | XOM: 2-stop teleportation journey
  2568 | D:3      | Found a stormy altar of Qazlal.
  2811 | D:3      | XOM: give mutations
  2811 | D:3      | Gained mutation: You have an increased reservoir of magic.
                  | (+10% MP) [Xom's grace]
  2811 | D:3      | Gained mutation: You are agile. (Dex +4, Str/Int -1) [Xom's
                  | grace]
  2965 | D:4      | XOM: smoke on damage
  2973 | D:4      | Reached skill level 1 in Evocations
  2973 | D:4      | Reached XP level 5. HP: 25/42 MP: 5/5
  3103 | D:4      | Reached skill level 1 in Polearms
  3207 | D:4      | Found a staircase to the Ecumenical Temple.
  3229 | Temple   | Entered the Ecumenical Temple
  3283 | Temple   | XOM: god gift: 42 gold pieces
  3351 | Temple   | XOM: god gift: scroll labelled ADUONK NIELI {god gift}
  3370 | D:4      | Reached XP level 6. HP: 33/48 MP: 7/7
  3481 | D:4      | Reached skill level 1 in Stealth
  3481 | D:4      | Reached skill level 1 in Necromancy
  3561 | D:4      | Noticed Eustachio
  3561 | D:4      | XOM: scenery: create altars
  3574 | D:4      | Killed Eustachio
  3667 | D:4      | Reached skill level 1 in Spellcasting
  3667 | D:4      | Reached XP level 7. HP: 39/54 MP: 9/9
  3926 | D:4      | XOM: give mutations
  3926 | D:4      | Gained mutation: A frigid envelope surrounds you and
                  | freezes all who hurt you. [Xom's grace]
  3926 | D:4      | Gained mutation: Your flesh is heat resistant. (rF+) [Xom's
                  | grace]
  3926 | D:4      | Gained mutation: Your flesh is cold resistant. (rC+) [Xom's
                  | grace]
  4132 | D:5      | Entered Level 5 of the Dungeon
  4250 | D:5      | XOM: cast spell 'Malign Gateway'
  4325 | D:5      | Found a radiant altar of Vehumet.
  4431 | D:5      | XOM: summons 4 hostile demons
  4706 | D:5      | Reached XP level 8. HP: 58/61 MP: 11/11
  4730 | D:5      | Noticed Ijyb
  4737 | D:5      | Killed Ijyb
  4803 | D:5      | Noticed Menkaure
  4804 | D:5      | Found Acoamm's Distillery.
  4810 | D:5      | Killed Menkaure
  4862 | D:5      | XOM: cloud trail
  4906 | D:5      | Bought a potion of heal wounds for 60 gold pieces
  4906 | D:5      | Bought a potion of brilliance for 48 gold pieces
  4906 | D:5      | Bought a potion of invisibility for 96 gold pieces
  4906 | D:5      | Bought a potion of curing for 36 gold pieces
  4906 | D:5      | Bought a potion of degeneration for 12 gold pieces
  4906 | D:5      | Bought a potion of enlightenment for 60 gold pieces
  4906 | D:5      | Bought a potion of might for 48 gold pieces
  4906 | D:5      | Bought a potion of lignification for 36 gold pieces
  5442 | D:6      | Noticed Duvessa
  5442 | D:6      | Noticed Dowan
  5442 | D:6      | You fall into a shaft and drop 2 floors!
  5494 | D:8      | XOM: divination: detect creatures
  5495 | D:8      | Identified the +2 short sword "Geng" {spect, rN+}
  5501 | D:8      | XOM: noise
  5531 | D:7      | Reached skill level 5 in Fighting
  5531 | D:7      | Reached skill level 5 in Axes
  5830 | D:6      | XOM: 4-stop teleportation journey
  5831 | D:6      | XOM: enchant monster (good)
  5836 | D:6      | Killed Dowan
  5839 | D:6      | Killed Duvessa
  5840 | D:6      | Reached XP level 9. HP: 68/68 MP: 13/13
  6128 | D:6      | XOM: blink monster(s)
  6132 | D:6      | XOM: 4-stop teleportation journey
  6164 | D:6      | Learned a level 4 spell: Ignite Poison
  6169 | D:6      | Learned a level 4 spell: Leda's Liquefaction
  6174 | D:6      | Learned a level 4 spell: Petrify
  6220 | D:6      | Found the +0 toga "Victory" {*Victory Clar}
  6276 | D:6      | XOM: cloud trail
  6524 | D:6      | XOM: give mutations
  6524 | D:6      | Gained mutation: You are weak. (Str -2) [Xom's mischief]
  6524 | D:6      | Gained mutation: Your flesh is very heat resistant. (rF++)
                  | [Xom's mischief]
  6530 | D:6      | XOM: repel stairs
  6593 | D:6      | XOM: torment (38/69 hp)
  6731 | D:6      | a sleepcap changed into a wandering mushroom
  6731 | D:6      | Noticed a wandering mushroom
  6731 | D:6      | XOM: polymorph sleepcap -> wandering mushroom
  6733 | D:6      | Killed a wandering mushroom
  6733 | D:6      | XOM: fog
  6734 | D:6      | Reached skill level 1 in Alchemy
  6744 | D:6      | Identified the +8 spear of the Yoke {spect, Str+2}
  7020 | D:7      | XOM: swap monsters
  7023 | D:7      | Reached skill level 5 in Armour
  7023 | D:7      | XOM: 2-stop teleportation journey
  7511 | D:7      | Found a shimmering altar of Xom.
  7511 | D:7      | Found a hide-covered altar of Uskayaw.
  7627 | D:7      | XOM: give mutation
  7627 | D:7      | Lost mutation: A frigid envelope surrounds you and freezes
                  | all who hurt you. [Xom's mischief]
  7735 | D:8      | Reached XP level 10. HP: 74/76 MP: 15/15
  7778 | D:8      | XOM: summons 2 hostile demons
  7779 | D:8      | Noticed a sun demon
  7780 | D:8      | XOM: butterfly on damage
  7788 | D:8      | Slain by a sun demon

Illustrated notes

Levels and vault maps discovered:
D:1:      amcnicky_arrival_single_pillar, layout_basic,
          nicolae_ecumenical_snake_handling
D:2:      layout_loops_corners, nicolae_concentric_dashed_squares_wild,
          kennysheep_generic_room_8
D:3:      layout_basic, old_standard_altar
D:4:      layout_basic, minmay_temple_entry_nine_rooms, uniq_eustachio
D:5:      layout_loops_corners, mainiacjoe_overflow_tiny_flanked, serial_shops,
          nicolae_lakefront_shop, corexii_checkpoint, uniq_menkaure, uniq_ijyb
D:6:      layout_cave_pools, minmay_joined_circles, uniq_duvessa
D:7:      layout_rooms, nicolae_overflow_two_pavilions
D:8:      layout_loops_ring, mainiacjoe_overflow_catwalk,
          kennysheep_decorative_pillar
Temple:   nicolae_temple_bog_church

Skill      XL: |  1  2  3  4  5  6  7  8  9 |
---------------+----------------------------+-----
Dodging        | 1 2 3 4 |  4.9
Armour         | 2 3 4 5 |  5.1
Evocations     | 1 2 3 4 |  4.4
Polearms       | 1 2 3 |  3.2
Stealth        | 1 2 3 |  3.0
Necromancy     | 1 2 3 |  3.2
Fighting       | 4 5 6 |  6.3
Axes           | 4 5 6 |  6.3
Spellcasting   | 1 2 |  2.5
Alchemy        | 1 |  1.5

Action                     |  1- 3 |  4- 6 |  7- 9 | 10-12 || total
---------------------------+-------+-------+-------+-------++-------
  Melee: Hand axe          |    93 |    89 |    45 |       ||   227
         Dagger            |    75 |       |       |       ||    75
         Short sword       |    13 |    96 |    85 |       ||   194
         Morningstar       |       |       |   156 |     8 ||   164
         Spear             |       |       |    21 |    10 ||    31
    Use: Potion            |     1 |     3 |     6 |       ||    10
         Scroll            |       |     4 |     4 |       ||     8
   Stab: Sleeping          |       |       |     4 |       ||     4
         Paralysed         |       |       |     2 |       ||     2
         Distracted        |       |       |     4 |       ||     4
         Invisible         |       |       |     1 |       ||     1
 Armour: Leather armour    |    82 |    22 |       |       ||   104
         Ring mail         |       |    58 |   116 |       ||   174
         Skin              |       |       |     6 |       ||     6
         Robe              |       |       |    40 |     7 ||    47
  Dodge: Dodged            |   104 |    51 |   141 |     6 ||   302

Table legend: (Time is in decaauts)
 A = Elapsed time spent in this place.
 B = Non-inter-level travel time spent in this place.
 C = Inter-level travel time spent in this place.
 D = Time resting spent in this place.
 E = Time spent auto-exploring this place.
 F = Levels seen in this place.
 G = Mean time per level.
                   A        B        C        D        E       F      G
               +--------+--------+--------+--------+--------+-----+--------+
         Total |   7830 |   7393 |    437 |    791 |   5418 |   9 |  870.0 |
       Dungeon |   7701 |   7264 |    437 |    671 |   5418 |   8 |  962.6 |
        Temple |    128 |    128 |      0 |    120 |      0 |   1 |  128.0 |
               +--------+--------+--------+--------+--------+-----+--------+

Top non-repeatable levels by time:
     D:5: 1317 daAuts
     D:6: 1252 daAuts
     D:2: 1133 daAuts
     D:1: 1099 daAuts
     D:4: 1070 daAuts
     D:7: 961 daAuts
     D:3: 712 daAuts
     D:8: 153 daAuts
  Temple: 128 daAuts
